 Dungeon Crawl Stone Soup version 0.21-a0-193-g085b6a0 (webtiles) character file.

109327 4thArraOfDagon the Executioner (level 16, -20/149 HPs)
             Began as a Hill Orc Warper on Aug 14, 2017.
             Was a Priest of Cheibriados.
             Killed from afar by a deep elf annihilator (63 damage)
             ... with an iron shot
             ... on level 1 of the Elven Halls.
             The game lasted 00:57:44 (12856 turns).

4thArraOfDagon the Executioner (Hill Orc Warper)   Turns: 12856, Time: 00:57:44

Health: -20/149    AC: 14    Str: 22    XL:     16   Next: 52%
Magic:  22/27      EV: 21    Int: 29    God:    Cheibriados [***...]
Gold:   752        SH:  8    Dex: 22    Spells: 8/24 levels left

rFire    . . .     SeeInvis +   W - +5 broad axe (elec)
rCold    . . .     Gourm    .   b - +2 buckler {rN+}
rNeg     + + +     Faith    .   T - +3 troll leather armour
rPois    +         Spirit   .   c - +0 mask of the Dragon {MR+ Slay+3 SInv}
rElec    .         Reflect  .   Z - +1 cloak {+Inv}
rCorr    +         Harm     .   o - +0 pair of gloves
MR       +++++     Clarity  +   (no boots)
Stlth    ++........             X - amulet of the Four Winds {rN+ MR+++ Clar}
HPRegen  0.74/turn              r - ring "Ucoexaekoo" {*Corrode rPois rN+ Int+3 Dex+2}
MPRegen  0.20/turn              h - ring of resist corrosion

@: studying Bows, very slow
A: talons 1, iridescent scales 2, agile 1, blink, magic resistance 1, sense
surroundings 1, poison resistance, weak 1
a: Blink, Bend Time, Temporal Distortion, Renounce Religion, Evoke Invisibility


You were on level 1 of the Elven Halls.
You worshipped Cheibriados.
Cheibriados was most pleased with you.
You were full.

You visited 3 branches of the dungeon, and saw 20 of its levels.

You collected 2268 gold pieces.
You spent 1516 gold pieces at shops.

Inventory:

Hand Weapons
 p - a +3 vampiric battleaxe
 Q - the +5 battleaxe of Governance {pain, +Fly, unknown}
   (You took it off a deep elf sorcerer on level 3 of the Elven Halls)

   In the hands of one skilled in necromantic magic, it inflicts extra damage on
   living creatures.
   It lets you fly.
 W - a +5 broad axe of electrocution (weapon)
Missiles
 V - 2 throwing nets (quivered)
Armour
 a - the +1 robe "Kupna" {Int+6 Stlth+, unknown}
   (You took it off a deep elf high priest on level 3 of the Elven Halls)

   It affects your intelligence (+6).
   It makes you more stealthy.
 b - a +2 buckler of positive energy (worn)
 c - the +0 mask of the Dragon (worn) {MR+ Slay+3 SInv}
   (You found it on level 3 of the Elven Halls)

   It affects your accuracy and damage with ranged weapons and melee attacks
   (+3).
   It affects your resistance to hostile enchantments.
   It lets you see invisible.
 o - a +0 pair of gloves (worn)
 E - the +3 robe "Bash" {MR+ Int+8 Dex-5}
   (You bought it in a shop on level 2 of the Orcish Mines)

   It affects your intelligence (+8).
   It affects your dexterity (-5).
   It affects your resistance to hostile enchantments.
 S - a +0 large shield of protection
 T - a +3 troll leather armour (worn)
 Z - a +1 cloak of invisibility (worn)
Magical Staves
 u - an uncursed staff of wizardry {!a}
Jewellery
 h - a ring of resist corrosion (right hand)
 r - the ring "Ucoexaekoo" (left hand) {*Corrode rPois rN+ Int+3 Dex+2}
   (You acquired it on level 3 of the Elven Halls)

   [ring of dexterity]

   It affects your intelligence (+3).
   It affects your dexterity (+2).
   It protects you from poison.
   It protects you from negative energy.
   It may corrode you when you take damage.
 D - an uncursed ring of protection from cold {unknown}
 X - the amulet of the Four Winds (around neck) {rN+ MR+++ Clar}
   (You took it off a deep elf sorcerer on level 3 of the Elven Halls)

   [amulet of nothing]

   It protects you from negative energy.
   It affects your resistance to hostile enchantments.
   It protects you against confusion.
 Y - an uncursed amulet of harm {unknown}
Wands
 A - a wand of lightning (12/15)
 G - a wand of iceblast (4/15)
 L - a wand of iceblast (3/15)
Scrolls
 e - 2 scrolls of blinking
 g - 2 scrolls of fog {unknown}
 i - 4 scrolls of amnesia {unknown}
 l - 2 scrolls of magic mapping
 n - 6 scrolls of teleportation
 t - 3 scrolls of immolation
 y - 2 scrolls of remove curse
 F - a scroll of recharging
 P - 2 scrolls of fear
Potions
 w - 5 potions of curing
 x - 3 potions of lignification
 z - a potion of flight
 H - 2 potions of brilliance
 J - a potion of agility
 K - a potion of might
 M - 2 potions of ambrosia
 N - 3 potions of mutation
 O - a potion of haste
 R - 2 potions of degeneration
 U - 4 potions of heal wounds
Books
 q - a manual of Bows
Miscellaneous
 j - a fan of gales
 k - a lamp of fire
 s - a sack of spiders
 B - a phial of floods
Comestibles
 d - 5 meat rations
 f - 10 bread rations
 m - a royal jelly


   Skills:
 + Level 15.1 Fighting
 * Level 21.8 Axes
 - Level 0.8 Throwing
 - Level 1.7 Armour
 - Level 10.2 Dodging
 - Level 5.3 Shields
 - Level 4.5 Spellcasting
 - Level 2.4 Translocations
 + Level 15.4 Invocations


You had 8 spell levels left.
You knew the following spells:

 Your Spells              Type           Power        Failure   Level  Hunger
a - Blink                 Tloc           N/A          4%          2    None
b - Passage of Golubria   Tloc           N/A          28%         4    ###....
c - Lesser Beckoning      Tloc           ###.......   9%          3    #......
d - Passwall              Tmut/Erth      #.........   12%         2    None
e - Lee's Rapid Deconstr  Erth           #.........   91%         5    #####..


Dungeon Overview and Level Annotations

Branches:
Dungeon (15/15)            Temple (0/1) D:4            Lair (0/6) D:10
    Orc (2/2) D:10            Elf (3/3) Orc:2
 Vaults: D:13-14     Depths: D:15

Altars:
Ashenzari
Cheibriados
Dithmenos
Kikubaaqudgha
Nemelex Xobeh
Sif Muna
Xom
Zin
The Shining One
Beogh

Shops:
D:15 ?}*   Orc:2 [[![   Elf:2 %   Elf:3 *

Portals:
Trove: D:15 (give 17 potions of curing)

Annotations:
D:11 exclusion: obsidian statue
Elf:2 5 runed doors


Innate Abilities, Weirdness & Mutations

You have sharp toenails.
You are mostly covered in iridescent scales. (AC +4)
You are agile. (Dex +2)
You can translocate small distances at will.
You are resistant to hostile enchantments. (MR+)
You passively map a small area around you.
Your system is resistant to poisons. (rPois)
You are weak. (Str -2)


Message History

The battlesphere dissipates.
Unknown command.
Unknown command.
Unknown command.
You hit the deep elf annihilator. You claw the deep elf annihilator!
The deep elf annihilator is heavily wounded.
You slash the deep elf mage!
The deep elf annihilator mumbles some strange words.
The deep elf annihilator blinks!
Unknown command.
Unknown command.
You can feel time thicken for a moment.
You kill the deep elf mage!
Cheibriados appreciates the change of pace.
You feel somewhat less full.
You can no longer inflict damage on those overly hasty.
Cheibriados lowers the support of your attributes as your movement quickens.
The deep elf annihilator gestures at you while chanting.
The iron shot hits you!
You die...

##.## ##.# #.###.## # ##.##
#.####.# ##.## # #.## #.#.....#
##.## # .## ####.##.#...######.##
# ## ##................###.## * #
##...#.####'####.#.# ##.#*,
##......#.......#.).## ##+...
#.....###.#))§#.###..####....
#####.....#...))@§....#.....+....
....'..)..#.#.e#+#..#.#.#####....
######....#.?.# , #...#(..# #...
##'#.#.+... '...+.#.# #..
##.##...#... , !..#...# *+#.
##.####..#.# *+ #.#.)## , ##.##
..#. , , #.)# *,** #.## *..#* , ,
###..##.# .## ..., #......#


You could see a deep elf annihilator.

Vanquished Creatures
  2 deep elf blademasters (Elf:3)
  3 deep elf master archers (Elf:3)
  6 deep elf sorcerers (Elf:3)
  Louise (Elf:3)
  8 deep elf elementalists (Elf:3)
  3 deep elf annihilators (Elf:3)
  Snorg (D:11)
  4 deep elf death magi (Elf:3)
  5 deep elf high priests (Elf:3)
  A catoblepas (D:15)
  3 centaur warriors
  A death knight (D:13)
  9 dancing weapons
  A tengu warrior (D:15)
  4 two-headed ogres
  4 deep elf knights
  Nergalle (D:12)
  2 skeletal warriors
  An unseen horror (D:12)
  A wizard (D:15)
  8 deep elf archers
  5 orc knights
  3 orc sorcerers
  37 deep elf magi
  11 ugly things
  2 manticores (D:14)
  A cyclops (D:13)
  A moth of wrath (shapeshifter) (Elf:3)
  A black mamba (shapeshifter) (D:14)
  3 centaur skeletons
  3 komodo dragons
  3 tengu conjurers
  2 freezing wraiths (D:13)
  7 trolls
  6 meliai
  Prince Ribbit (D:6)
  A wind drake (shapeshifter) (D:14)
  3 hippogriffs
  11 slime creatures (D:15)
  A tarantella (shapeshifter) (Elf:2)
  3 shadows
  6 wraiths
  2 water elementals
  A vampire (D:13)
  2 wyverns
  An air elemental (Elf:2)
  10 yaks
  2 fire elementals
  Grum (D:8)
  A human (D:8)
  3 hogs (D:8)
  A steam dragon (D:10)
  3 hungry ghosts
  3 vampire mosquitoes (D:15)
  3 wargs
  A harpy simulacrum (D:14)
  2 acid dragons (D:15)
  2 hell hounds (D:10)
  A soldier ant (D:14)
  35 orc warriors
  A sky beast (D:13)
  2 ice beasts
  A phantom (D:3)
  A necrophage (D:7)
  4 ogres
  3 wolves (D:8)
  24 centaurs
  3 crocodiles
  3 big kobolds
  4 bullfrogs
  3 earth elementals
  2 gnoll sergeants
  5 scorpions
  9 killer bees
  A water moccasin skeleton (D:7)
  The ghost of 4thArraOfDagon the Chopper, a weakling HOWr (D:3)
  16 wights
  6 howler monkeys
  8 crimson imps
  A quasit (D:12)
  4 centaur zombies
  2 bullfrog zombies
  4 jellies
  Crazy Yiuf (D:3)
  3 bullfrog skeletons
  4 hounds
  17 orc priests
  28 orc wizards
  Ijyb (D:5)
  3 iguanas
  9 worker ants
  3 mummies (D:7)
  A worker ant zombie (D:7)
  A howler monkey skeleton (D:5)
  Robin (D:3)
  10 adders
  25 gnolls
  2 shadow imps
  3 oozes
  2 adder skeletons
  An adder zombie (D:6)
  4 worms
  A dart slug (D:3)
  7 leopard geckos
  94 orcs
  2 ball pythons (D:5)
  4 bats (D:2)
  2 bat zombies (D:6)
  7 giant cockroaches
  19 goblins
  11 hobgoblins
  4 jackals (D:1)
  3 quokkas
  6 frilled lizards
  9 kobolds
  3 rats
  A rat zombie (D:6)
  A bush (D:8)
  A fungus (Elf:2)
656 creatures vanquished.

Vanquished Creatures (others)
  A deep elf demonologist (Elf:3)
1 creature vanquished.

Grand Total: 657 creatures vanquished

Notes
Turn   | Place    | Note
-------+----------+-------------------------------------------
     0 | D:1      | 4thArraOfDagon the Hill Orc Warper began the quest for the Orb.
     0 | D:1      | Reached XP level 1. HP: 18/18 MP: 3/3
   120 | D:1      | Reached skill level 3 in Axes
   286 | D:1      | You fall through a shaft!
   304 | D:2      | Reached XP level 2. HP: 20/25 MP: 4/4
   326 | D:2      | Found a snail-covered altar of Cheibriados.
   334 | D:2      | Became a worshipper of Cheibriados the Contemplative
   349 | D:1      | HP: 1/25 [gnoll/flail (2)]
   711 | D:1      | Reached XP level 3. HP: 25/30 MP: 5/5
  1299 | D:1      | Reached skill level 4 in Axes
  1395 | D:2      | Reached XP level 4. HP: 19/38 MP: 6/6
  1456 | D:2      | Reached * piety under Cheibriados
  2203 | D:3      | Reached XP level 5. HP: 37/45 MP: 7/7
  2258 | D:3      | Noticed Robin
  2269 | D:3      | Reached ** piety under Cheibriados
  2274 | D:3      | Killed Robin
  2274 | D:3      | Reached skill level 1 in Invocations
  2358 | D:4      | Gained mutation: Your mind is acute. (Int +2) [potion of mutation]
  2358 | D:4      | Gained mutation: You are partially covered in iridescent scales. (AC +2) [potion of mutation]
  2378 | D:4      | Reached skill level 5 in Axes
  2463 | D:4      | Reached XP level 6. HP: 31/52 MP: 8/8
  2471 | D:3      | Noticed a hippogriff
  2472 | D:3      | Noticed 4thArraOfDagon's ghost (weakling HOWr)
  2564 | D:3      | Killed a hippogriff
  2564 | D:3      | Reached skill level 6 in Axes
  2564 | D:3      | Reached XP level 7. HP: 42/60 MP: 2/9
  2572 | D:3      | Killed 4thArraOfDagon's ghost
  2677 | D:3      | Found a shadowy altar of Dithmenos.
  2708 | D:3      | Reached *** piety under Cheibriados
  2727 | D:3      | Found a runed door.
  2731 | D:3      | Noticed Crazy Yiuf
  2735 | D:3      | Killed Crazy Yiuf
  2816 | D:3      | Reached skill level 5 in Fighting
  2816 | D:3      | Reached skill level 7 in Axes
  2953 | D:3      | Reached XP level 8. HP: 41/68 MP: 11/11
  3080 | D:4      | Reached **** piety under Cheibriados
  3080 | D:4      | Reached skill level 8 in Axes
  3225 | D:4      | Reached skill level 5 in Invocations
  3282 | D:4      | Found a staircase to the Ecumenical Temple.
  3357 | D:5      | Entered Level 5 of the Dungeon
  3372 | D:5      | Noticed Ijyb
  3383 | D:5      | Killed Ijyb
  3430 | D:5      | Reached ***** piety under Cheibriados
  3488 | D:5      | Reached skill level 9 in Axes
  3489 | D:5      | Found a shimmering altar of Xom.
  3605 | D:6      | Reached XP level 9. HP: 52/78 MP: 13/13
  3714 | D:6      | Found an ancient bone altar of Kikubaaqudgha.
  3814 | D:6      | Found a sparkling altar of Nemelex Xobeh.
  3917 | D:6      | Found a glowing golden altar of the Shining One.
  4107 | D:5      | Reached skill level 10 in Axes
  4189 | D:6      | Noticed Prince Ribbit
  4196 | D:6      | Killed Prince Ribbit
  4196 | D:6      | Reached skill level 5 in Dodging
  4322 | D:7      | Found a glowing silver altar of Zin.
  4571 | D:7      | Reached skill level 11 in Axes
  4596 | D:7      | Reached XP level 10. HP: 76/88 MP: 15/15
  4646 | D:8      | Found a deep blue altar of Sif Muna.
  4825 | D:8      | Noticed Grum
  4827 | D:8      | Reached ****** piety under Cheibriados
  4837 | D:8      | Killed Grum
  4917 | D:8      | Reached skill level 12 in Axes
  5288 | D:10     | Entered Level 10 of the Dungeon
  5493 | D:10     | Noticed a two-headed ogre
  5563 | D:10     | Noticed a two-headed ogre
  5574 | D:10     | Killed a two-headed ogre
  5579 | D:10     | Reached skill level 13 in Axes
  5579 | D:10     | Reached XP level 11. HP: 59/97 MP: 14/17
  5599 | D:10     | Killed a two-headed ogre
  5640 | D:10     | Found a staircase to the Lair.
  5751 | D:11     | Noticed an obsidian statue
  5914 | D:11     | Learned a level 2 spell: Blink
  5919 | D:11     | Learned a level 4 spell: Passage of Golubria
  6047 | D:11     | Noticed Snorg
  6059 | D:11     | Killed Snorg
  6090 | D:11     | Reached skill level 10 in Invocations
  6095 | D:11     | Reached skill level 14 in Axes
  6098 | D:11     | Reached skill level 10 in Fighting
  6208 | D:12     | Noticed a skeletal warrior
  6218 | D:12     | Killed a skeletal warrior
  6251 | D:12     | Noticed Nergalle
  6259 | D:12     | Killed Nergalle
  6345 | D:12     | Killed an unseen horror
  6386 | D:13     | Noticed a cyclops
  6403 | D:13     | Killed a cyclops
  6425 | D:12     | Noticed a skeletal warrior
  6425 | D:12     | Noticed a skeletal warrior
  6445 | D:13     | Killed a skeletal warrior
  6611 | D:13     | Noticed a centaur warrior
  6618 | D:13     | Reached XP level 12. HP: 98/107 MP: 20/20
  6631 | D:13     | Killed a centaur warrior
  6631 | D:13     | Reached skill level 15 in Axes
  6796 | D:13     | Gained mutation: You are mostly covered in iridescent scales. (AC +4) [mutagenic meat]
  6797 | D:13     | Lost mutation: Your mind is acute. (Int +2) [mutagenic meat]
  6798 | D:13     | Gained mutation: Your mind is acute. (Int +2) [mutagenic meat]
  6799 | D:13     | Gained mutation: You can translocate small distances at will. [mutagenic meat]
  6802 | D:13     | Gained mutation: You are weak. (Str -2) [mutagenic meat]
  6803 | D:13     | Lost mutation: Your mind is acute. (Int +2) [mutagenic meat]
  6804 | D:13     | Gained mutation: You are resistant to hostile enchantments. (MR+) [mutagenic meat]
  6805 | D:13     | Gained mutation: You passively map a small area around you. [mutagenic meat]
  6806 | D:13     | Gained mutation: You are agile. (Dex +2) [mutagenic meat]
  6975 | D:14     | Noticed a centaur warrior
  6986 | D:14     | Killed a centaur warrior
  7049 | D:14     | Gained mutation: You have sharp toenails. [mutagenic meat]
  7050 | D:14     | Gained mutation: Your system is resistant to poisons. (rPois) [mutagenic meat]
  7133 | D:14     | Reached skill level 16 in Axes
  7265 | D:15     | Entered Level 15 of the Dungeon
  7359 | D:15     | Reached XP level 13. HP: 92/117 MP: 22/22
  7365 | D:15     | Found Tucweocwac's General Store.
  7450 | D:15     | Bought a scroll of teleportation for 39 gold pieces
  7450 | D:15     | Bought a +1 helmet of intelligence for 214 gold pieces
  7488 | D:15     | Found Vaim's Gadget Emporium.
  7564 | D:15     | Reached skill level 17 in Axes
  7617 | D:15     | Got a pair of jewelled gloves
  7628 | D:15     | Identified the +0 pair of gloves "Etixaof" {-Cast rElec rPois MR-} (You found it on level 15 of the Dungeon)
  8052 | D:15     | Reached skill level 18 in Axes
  8210 | D:15     | Found Qontat's Magic Scroll Shoppe.
  8254 | D:15     | Found a portal to a secret trove of treasure.
  8479 | D:14     | Found a shattered altar of Ashenzari.
  8626 | D:15     | Bought a scroll of enchant weapon for 90 gold pieces
  8626 | D:15     | Bought a scroll of enchant armour for 90 gold pieces
  8626 | D:15     | Bought a scroll of blinking for 90 gold pieces
  8626 | D:15     | Bought a scroll of teleportation for 36 gold pieces
  8675 | D:13     | Noticed an ice dragon
  8985 | D:12     | Reached XP level 14. HP: 104/127 MP: 23/23
  9123 | D:10     | Found a staircase to the Orcish Mines.
  9165 | Orc:1    | Entered Level 1 of the Orcish Mines
  9166 | Orc:1    | Found a roughly hewn altar of Beogh.
  9352 | Orc:2    | Entered Level 2 of the Orcish Mines
  9588 | Orc:2    | Found a staircase to the Elven Halls.
  9962 | Orc:2    | Found Siejeng Hixe's Distillery.
  9962 | Orc:2    | Found Gaseqes's Antique Armour Shoppe.
  9964 | Orc:2    | Found Qith's Armour Emporium.
  9966 | Orc:2    | Found Foas's Armour Shop.
  9977 | Orc:2    | Bought a heavily runed ring mail for 225 gold pieces
  9977 | Orc:2    | Bought a twisted robe for 142 gold pieces
  9978 | Orc:2    | Bought a potion of heal wounds for 80 gold pieces
  9978 | Orc:2    | Bought a potion of curing for 48 gold pieces
  9978 | Orc:2    | Bought a potion of heal wounds for 80 gold pieces
  9978 | Orc:2    | Bought a potion of heal wounds for 80 gold pieces
  9978 | Orc:2    | Bought a potion of mutation for 128 gold pieces
  9978 | Orc:2    | Bought a potion of agility for 64 gold pieces
  9978 | Orc:2    | Bought a potion of might for 64 gold pieces
  9978 | Orc:2    | Bought a potion of degeneration for 16 gold pieces
 10079 | Orc:2    | Identified the +1 ring mail of the Shining Light {MR++ Str-3 Int+5} (You bought it in a shop on level 2 of the Orcish Mines)
 10089 | Orc:2    | Identified the +3 robe "Bash" {MR+ Int+8 Dex-5} (You bought it in a shop on level 2 of the Orcish Mines)
 10113 | Elf:1    | Entered Level 1 of the Elven Halls
 10328 | Elf:1    | Reached skill level 19 in Axes
 10405 | Elf:1    | Noticed a deep elf annihilator
 10551 | Elf:1    | Learned a level 3 spell: Lesser Beckoning
 10613 | Elf:2    | Found Gihokk's Food Shoppe.
 10646 | Elf:2    | Reached skill level 10 in Dodging
 10654 | Elf:3    | Entered Level 3 of the Elven Halls
 10911 | Elf:3    | Found Gayrr's Assorted Antiques.
 10917 | Elf:3    | Bought a scroll labeled BAHOPP YLEIWN for 30 gold pieces
 11035 | Elf:3    | Noticed Louise
 11049 | Elf:3    | Killed Louise
 11049 | Elf:3    | Reached XP level 15. HP: 122/137 MP: 20/25
 11155 | Elf:2    | Reached skill level 20 in Axes
 11318 | Elf:3    | Noticed a deep elf sorcerer
 11337 | Elf:3    | Killed a deep elf sorcerer
 11378 | Elf:3    | Noticed a deep elf sorcerer
 11381 | Elf:3    | Killed a deep elf sorcerer
 11428 | Elf:3    | Got an ancient robe
 11442 | Elf:3    | Noticed a deep elf elementalist
 11466 | Elf:3    | Killed a deep elf elementalist
 11468 | Elf:3    | Noticed a deep elf elementalist
 11480 | Elf:3    | Killed a deep elf elementalist
 11545 | Elf:3    | Noticed a deep elf elementalist
 11548 | Elf:3    | Killed a deep elf elementalist
 11555 | Elf:3    | Noticed a deep elf blademaster
 11564 | Elf:3    | Killed a deep elf blademaster
 11698 | Elf:3    | Noticed a deep elf elementalist
 11706 | Elf:3    | Killed a deep elf elementalist
 11732 | Elf:3    | Noticed a deep elf master archer
 11742 | Elf:3    | Killed a deep elf master archer
 11914 | Elf:2    | Reached skill level 5 in Shields
 11935 | Elf:2    | Found a huge runed gate.
 11935 | Elf:2    | Found a huge runed gate.
 11935 | Elf:2    | Found a huge runed gate.
 11936 | Elf:2    | Found a huge runed gate.
 11936 | Elf:2    | Found a huge runed gate.
 12124 | Elf:3    | Noticed a deep elf elementalist
 12135 | Elf:3    | Noticed a deep elf elementalist
 12137 | Elf:3    | Noticed a deep elf blademaster
 12137 | Elf:3    | Killed a deep elf elementalist
 12143 | Elf:3    | Killed a deep elf elementalist
 12144 | Elf:3    | Killed a deep elf blademaster
 12276 | Elf:3    | Noticed a deep elf sorcerer
 12278 | Elf:3    | Killed a deep elf sorcerer
 12278 | Elf:3    | Reached XP level 16. HP: 136/147 MP: 27/27
 12282 | Elf:3    | Reached skill level 21 in Axes
 12289 | Elf:3    | Got a translucent battleaxe {pain}
 12314 | Elf:3    | Noticed a deep elf master archer
 12329 | Elf:3    | Killed a deep elf master archer
 12340 | Elf:3    | Reached skill level 15 in Invocations
 12345 | Elf:3    | Noticed a deep elf master archer
 12358 | Elf:3    | Killed a deep elf master archer
 12507 | Elf:3    | Reached skill level 15 in Fighting
 12578 | Elf:3    | Found the +0 mask of the Dragon {MR+ Slay+3 SInv}
 12608 | Elf:3    | Identified a scroll of acquirement
 12609 | Elf:3    | Got a wavering granite ring
 12611 | Elf:3    | Identified the ring "Ucoexaekoo" {*Corrode rPois rN+ Int+3 Dex+2} (You acquired it on level 3 of the Elven Halls)
 12632 | Elf:3    | Identified the Catalogue of Dark Changing
 12707 | Elf:3    | Learned a level 2 spell: Passwall
 12713 | Elf:3    | Learned a level 5 spell: Lee's Rapid Deconstruction
 12856 | Elf:1    | Killed from afar by a deep elf annihilator

Vault maps used:
D:1:      mrwooster_arrival_statue_3, roderic_three_in_a_row, chequers_big_river
D:2:      cheibriados_altar_1
D:3:      marbit_many_paths, first_bread, uniq_robin, uniq_crazy_yiuf_cottage
D:4:      minmay_temple_entry_trees
D:5:      kennysheep_little_box, tgw_xom, uniq_ijyb
D:6:      lemuel_zombie_altar_kikubaaqudgha,
          yredelemnul_forgotten_temple_becter,
          nemelex_xobeh_ov_fountains_minmay, tso_metal_star, uniq_prince_ribbit1
D:7:      overflow_temple_1_default, serial_undead, serial_undead_a,
          serial_undead_c, serial_undead_e, serial_undead_f, serial_undead_c,
          serial_undead_c, serial_undead_b
D:8:      old_standard_altar, kb_lookout_dungeons_type, grunt_livestock,
          uniq_grum, uniq_erica
D:9:      kennysheep_blocky_hall, kennysheep_mini_moat
D:10:     minmay_lair_entry_lava, david_orc_3
D:11:     minmay_protected_statue, uniq_snorg
D:12:     uniq_nergalle
D:13:     david_vaults_4
D:14:     ashenzari_altar_1, basic_altar
D:15:     grunt_enter_depths_hoard, amethyst_killhole,
          nicolae_trove_entry_crystal, serial_shops, shop,
          nicolae_shop_behind_doors, nicolae_shop_trees
Orc:1:    basic_altar
Orc:2:    st_orc_rangers, minmay_orc_keep
Elf:1:    minmay_elf_annihilation
Elf:2:    serial_shops, nicolae_shop_crystal
Elf:3:    minmay_elf_hall_quartered_circle, serial_shops, shop, spider_trap,
          uniq_louise

Skill      XL: |  1  2  3  4  5  6  7  8  9 10 11 12 13 14 15 16 |
---------------+-------------------------------------------------+-----
Axes           | 3 4 5 6 7 9 11 13 14 16 18 19 20 21 | 21.8
Fighting       | 3 4 5 6 7 9 10 11 12 13 14 15 | 15.1
Dodging        | 2 3 4 5 6 7 8 9 10 | 10.2
Invocations    | 2 4 5 7 9 10 12 13 14 15 | 15.4
Spellcasting   | 4 |  4.5
Shields        | 5 |  5.3
Throwing       | |  0.8
Armour         | |  1.7
Translocations | |  2.4

Action                   |  1- 3 |  4- 6 |  7- 9 | 10-12 | 13-15 | 16-18 || total
-------------------------+-------+-------+-------+-------+-------+-------++-------
Melee: Hand axe          |   107 |   154 |       |       |       |       ||   261
       Unarmed           |       |    16 |       |       |       |       ||    16
       War axe           |       |     7 |   325 |   390 |    23 |       ||   745
       Kick              |       |       |       |    26 |   374 |    36 ||   436
       Broad axe         |       |       |       |       |   705 |    74 ||   779
Throw: Tomahawk          |     5 |       |     1 |       |       |       ||     6
Invok: Bend Time         |       |     3 |     1 |     2 |       |       ||     6
       Slouch            |       |       |     2 |     5 |    12 |     5 ||    24
       Temporal Distorti |       |       |       |       |     3 |     2 ||     5
Evoke: Wand              |       |       |     1 |       |     2 |       ||     3
  Use: Scroll            |     1 |     1 |     3 |     3 |    22 |     4 ||    34
       Potion            |     2 |     2 |       |     1 |       |     4 ||     9
 Stab: Sleeping          |       |       |       |       |     6 |       ||     6
  Eat: Chunk             |     3 |     2 |     4 |    13 |     1 |       ||    23
       Fruit             |       |       |     1 |     2 |    12 |       ||    15
       Royal jelly       |       |       |       |     5 |     2 |     1 ||     8
       Bread ration      |       |       |       |       |     1 |       ||     1
Armor: Ring mail         |    32 |    85 |    35 |       |       |       ||   152
       Skin              |    14 |     1 |       |       |       |       ||    15
       Chain mail        |       |       |    79 |    18 |    63 |       ||   160
       Scale mail        |       |       |    26 |   138 |       |       ||   164
       Troll leather arm |       |       |       |       |   110 |     9 ||   119
Dodge: Dodged            |    59 |   123 |   208 |   329 |   623 |    29 ||  1371
Block: Buckler           |       |       |       |       |    18 |    13 ||    31
